General information
- name: BNet
- type: Ladder team game (AT/RT)
- host: Battle.net
- saver: GodBlessAmerica
map: FullScaleAssault
- players: 8
- length: 84:22
- speed: Fast
- version: 1.26 W3XP
- replay type: Public
» download(393 KB)
Players
team 1 (winner)
GodBlessAmerica (
green | 58 APM | 4916 actions | 84:21)
8 Blademaster
3 Wind Walk
3 Critical Strike
1 Bladestorm
1 Mirror Image
» actions
| Assign group hotkey | 72 | |
| Basic commands | 523 | |
| Build / train | 85 | |
| Enter build submenu | 45 | |
| Enter hero's abilities submenu | 8 | |
| Give item / drop item | 22 | |
| Remove unit from queue | 6 | |
| Right click | 1560 | |
| Select / deselect | 614 | |
| Select group hotkey | 1784 | |
| Use ability | 196 | |
4916 total
» units
| Peon | 10 | |
| Grunt | 4 | |
| Goblin Shredder | 2 | |
| Troll Batrider | 9 | |
| Goblin Zeppelin | 2 | |
| Blue Dragon | 4 | |
| Wind Rider | 4 | |
35 total
» upgrades
| Ranged Weapons | 3 | |
| Armor | 3 | |
| Troll Regeneration | 1 | |
| Liquid Fire | 1 | |
| Reinforced Defenses | 1 | |
| Envenomed Spears | 1 | |
10 total
» buildings
| Orc Burrow | 10 | |
| Altar of Storms | 1 | |
| Barracks | 1 | |
| Voodoo Lounge | 1 | |
| Stronghold | 1 | |
| Great Hall | 5 | |
| War Mill | 1 | |
| Beastiary | 4 | |
| Fortress | 1 | |
| Watch Tower | 30 | |
55 total
» build order
00:16 Orc Burrow
00:38 Altar of Storms
01:01 Barracks
01:25 Orc Burrow
01:53 Voodoo Lounge
02:54 Stronghold
04:41 Great Hall
04:58 Orc Burrow
04:59 War Mill
05:41 Orc Burrow
06:13 Orc Burrow
06:36 Beastiary
06:37 Beastiary
09:04 Fortress
09:13 Beastiary
09:14 Beastiary
11:46 Orc Burrow
11:47 Orc Burrow
16:27 Orc Burrow
16:30 Orc Burrow
18:26 Great Hall
18:29 Watch Tower
18:29 Watch Tower
18:29 Watch Tower
18:30 Watch Tower
18:30 Watch Tower
18:31 Watch Tower
22:36 Great Hall
22:56 Watch Tower
22:57 Watch Tower
22:57 Watch Tower
22:58 Watch Tower
22:59 Watch Tower
22:59 Watch Tower
23:00 Watch Tower
23:00 Watch Tower
23:02 Watch Tower
23:04 Watch Tower
23:05 Watch Tower
23:05 Watch Tower
23:50 Great Hall
24:09 Orc Burrow
26:59 Watch Tower
26:59 Watch Tower
27:01 Watch Tower
30:34 Watch Tower
30:35 Watch Tower
30:35 Watch Tower
34:53 Watch Tower
34:54 Watch Tower
34:55 Watch Tower
34:59 Watch Tower
35:03 Watch Tower
35:03 Watch Tower
37:47 Great Hall
» items
| Healing Salve | 4 | |
| Boots of Speed | 1 | |
| Periapt of Vitality | 2 | |
| Staff of Teleportation | 2 | |
| Potion of Mana | 3 | |
| Lesser Clarity Potion | 3 | |
| Potion of Healing | 2 | |
| Scroll of Regeneration | 1 | |
| Scroll of Town Portal | 3 | |
| Orb of Lightning | 1 | |
| Scroll of Healing | 1 | |
23 total

»
Zappelphillip (
yellow | 109 APM | 4163 actions | 38:08)
7 Mountain King
3 Storm Bolt
3 Bash
1 Avatar
6 Paladin
3 Holy Light
1 Divine Shield
1 Devotion Aura
1 Resurrection
» actions
| Assign group hotkey | 34 | |
| Basic commands | 54 | |
| Build / train | 108 | |
| Enter build submenu | 27 | |
| Enter hero's abilities submenu | 13 | |
| Give item / drop item | 8 | |
| Remove unit from queue | 2 | |
| Right click | 1585 | |
| Select / deselect | 947 | |
| Select group hotkey | 1172 | |
| Use ability | 213 | |
4163 total
» units
| Peasant | 12 | |
| Footman | 6 | |
| Goblin Shredder | 3 | |
| Goblin Zeppelin | 2 | |
| Knight | 6 | |
| Dragonhawk Rider | 9 | |
38 total
» upgrades
| Swords | 3 | |
| Armor | 3 | |
| Animal War Training | 1 | |
| Cloud | 1 | |
| Storm Hammers | 1 | |
| Lumber Harvesting | 2 | |
| Masonry | 3 | |
| Defend | 1 | |
| Plating | 3 | |
18 total
» buildings
| Altar of Kings | 1 | |
| Farm | 16 | |
| Barracks | 2 | |
| Scout Tower | 1 | |
| Arcane Tower | 1 | |
| Arcane Vault | 1 | |
| Town Hall | 1 | |
| Keep | 1 | |
| Lumber Mill | 1 | |
| Blacksmith | 1 | |
| Castle | 1 | |
| Gryphon Aviary | 3 | |
30 total
» build order
00:10 Altar of Kings
00:21 Farm
00:35 Barracks
00:48 Farm
01:29 Farm
01:53 Scout Tower
02:30 Arcane Tower
02:31 Farm
02:48 Arcane Vault
04:32 Farm
04:51 Town Hall
05:31 Keep
05:47 Lumber Mill
05:56 Farm
06:16 Farm
06:21 Blacksmith
07:34 Farm
08:20 Castle
08:33 Farm
08:34 Farm
08:34 Farm
08:35 Farm
08:35 Farm
08:36 Farm
09:02 Gryphon Aviary
10:59 Gryphon Aviary
11:15 Barracks
11:33 Farm
11:35 Farm
14:17 Gryphon Aviary
» items
| Scroll of Regeneration | 5 | |
| Lesser Clarity Potion | 3 | |
| Boots of Speed | 1 | |
| Scroll of Town Portal | 4 | |
| Potion of Healing | 3 | |
| Scroll of Protection | 3 | |
| Scroll of Healing | 3 | |
| Potion of Lesser Invulnerability | 1 | |
| Orb of Fire | 1 | |
| Staff of Sanctuary | 1 | |
| Scroll of Speed | 1 | |
26 total

»
Or.GER.Gas.Mus (
pink | 28 APM | 1180 actions | 42:11)
9 Blademaster
3 Wind Walk
3 Critical Strike
1 Bladestorm
2 Mirror Image
» actions
| Build / train | 162 | |
| Enter build submenu | 16 | |
| Enter hero's abilities submenu | 9 | |
| Remove unit from queue | 1 | |
| Right click | 597 | |
| Select / deselect | 309 | |
| Use ability | 86 | |
1180 total
» units
| Peon | 19 | |
| Troll Headhunter/Berserker | 58 | |
| Shaman | 32 | |
| Dragonhawk Rider | 2 | |
111 total
» upgrades
| Troll Regeneration | 1 | |
| Ranged Weapons | 3 | |
| Shaman Training | 2 | |
| Armor | 4 | |
| Berserker Upgrade | 1 | |
11 total
» buildings
| Altar of Storms | 1 | |
| Barracks | 1 | |
| Orc Burrow | 8 | |
| War Mill | 1 | |
| Voodoo Lounge | 1 | |
| Stronghold | 4 | |
| Great Hall | 1 | |
| Spirit Lodge | 1 | |
| Fortress | 1 | |
19 total
» build order
00:05 Altar of Storms
00:08 Barracks
00:11 Orc Burrow
01:16 War Mill
02:29 Voodoo Lounge
03:04 Orc Burrow
03:57 Orc Burrow
04:55 Orc Burrow
05:43 Stronghold
05:43 Stronghold
05:55 Orc Burrow
07:05 Orc Burrow
07:11 Great Hall
08:06 Spirit Lodge
11:23 Fortress
12:53 Orc Burrow
12:56 Orc Burrow
» items
| Healing Salve | 2 | |
| Potion of Mana | 1 | |
| Scroll of Speed | 2 | |
| Scroll of Town Portal | 3 | |
| Potion of Healing | 3 | |
| Orb of Lightning | 1 | |
12 total
daungontai (
orange | 17 APM | 1401 actions | 84:21)
8 Paladin
1 Holy Light
3 Divine Shield
3 Devotion Aura
1 Resurrection
» actions
| Basic commands | 15 | |
| Build / train | 140 | |
| Enter build submenu | 75 | |
| Enter hero's abilities submenu | 7 | |
| Remove unit from queue | 3 | |
| Right click | 609 | |
| Select / deselect | 453 | |
| Use ability | 99 | |
1401 total
» units
| Peasant | 26 | |
| Footman | 7 | |
| Knight | 12 | |
| Goblin Shredder | 1 | |
| Flying Machine | 21 | |
| Mortar Team | 3 | |
70 total
» upgrades
| Swords | 3 | |
| Plating | 3 | |
| Masonry | 3 | |
| Defend | 1 | |
| Lumber Harvesting | 2 | |
| Animal War Training | 1 | |
| Flying Machine Bombs | 1 | |
| Flak Cannons | 1 | |
| Flare | 1 | |
| Fragmentation Shards | 1 | |
17 total
» buildings
| Lumber Mill | 4 | |
| Farm | 14 | |
| Altar of Kings | 1 | |
| Blacksmith | 1 | |
| Barracks | 2 | |
| Keep | 1 | |
| Town Hall | 4 | |
| Scout Tower | 43 | |
| Castle | 1 | |
| Guard Tower | 36 | |
| Workshop | 4 | |
| Arcane Vault | 1 | |
| Arcane Tower | 1 | |
113 total
» build order
00:34 Lumber Mill
01:10 Farm
01:25 Altar of Kings
01:41 Blacksmith
01:51 Farm
01:55 Barracks
02:10 Barracks
02:38 Farm
03:24 Farm
05:28 Keep
06:21 Town Hall
06:51 Lumber Mill
06:59 Lumber Mill
07:12 Farm
07:46 Scout Tower
07:58 Scout Tower
08:04 Farm
08:07 Castle
08:49 Guard Tower
08:51 Guard Tower
08:59 Scout Tower
09:05 Scout Tower
09:08 Scout Tower
09:11 Scout Tower
09:32 Guard Tower
09:41 Guard Tower
09:57 Scout Tower
10:25 Scout Tower
10:27 Guard Tower
10:34 Scout Tower
10:37 Guard Tower
10:57 Scout Tower
11:02 Scout Tower
11:04 Guard Tower
11:06 Guard Tower
11:13 Scout Tower
11:20 Scout Tower
11:44 Lumber Mill
12:04 Guard Tower
12:06 Guard Tower
12:08 Guard Tower
12:10 Guard Tower
12:55 Workshop
13:27 Farm
13:40 Farm
14:29 Workshop
14:40 Farm
15:04 Workshop
15:11 Workshop
15:20 Farm
15:25 Farm
16:03 Farm
16:09 Arcane Vault
16:29 Farm
16:47 Farm
17:30 Scout Tower
17:34 Scout Tower
18:01 Guard Tower
18:08 Scout Tower
18:14 Arcane Tower
18:21 Scout Tower
18:37 Guard Tower
18:48 Scout Tower
18:51 Guard Tower
18:55 Scout Tower
19:30 Guard Tower
19:38 Guard Tower
21:20 Town Hall
25:51 Town Hall
26:59 Scout Tower
27:34 Scout Tower
27:39 Scout Tower
27:46 Guard Tower
27:51 Scout Tower
27:56 Scout Tower
28:04 Guard Tower
28:08 Scout Tower
28:11 Guard Tower
28:15 Scout Tower
28:33 Guard Tower
28:38 Scout Tower
28:43 Guard Tower
28:44 Guard Tower
28:49 Scout Tower
28:55 Scout Tower
29:01 Guard Tower
29:06 Scout Tower
29:10 Guard Tower
29:45 Guard Tower
29:47 Guard Tower
29:52 Scout Tower
29:59 Scout Tower
30:13 Guard Tower
30:19 Scout Tower
30:23 Scout Tower
30:36 Scout Tower
30:55 Guard Tower
30:56 Guard Tower
32:02 Town Hall
32:10 Scout Tower
32:31 Guard Tower
32:33 Guard Tower
32:35 Guard Tower
32:47 Guard Tower
32:50 Scout Tower
33:20 Guard Tower
33:23 Scout Tower
34:50 Scout Tower
34:54 Scout Tower
34:57 Scout Tower
35:01 Scout Tower
35:06 Scout Tower
37:00 Guard Tower
» items
team 2 (loser)
Schutzstaffel (
teal | 56 APM | 4700 actions | 84:20)
9 Archmage
3 Summon Water Elemental
3 Brilliance Aura
2 Blizzard
1 Mass Teleport
2 Demon Hunter
2 Mana Burn
» actions
| Assign group hotkey | 65 | |
| Basic commands | 113 | |
| Build / train | 309 | |
| ESC pressed | 3 | |
| Enter build submenu | 95 | |
| Enter hero's abilities submenu | 12 | |
| Give item / drop item | 12 | |
| Right click | 1801 | |
| Select / deselect | 795 | |
| Select group hotkey | 1150 | |
| Use ability | 345 | |
4700 total
» units
| Peasant | 36 | |
| Footman | 12 | |
| Goblin Shredder | 4 | |
| Goblin Zeppelin | 5 | |
| Dragonhawk Rider | 20 | |
| Sorceress | 1 | |
| Gryphon Rider | 4 | |
| Siege Engine | 11 | |
| Peon | 20 | |
113 total
» upgrades
| Masonry | 4 | |
| Defend | 1 | |
| Swords | 3 | |
| Armor | 3 | |
| Storm Hammers | 1 | |
| Cloud | 1 | |
| Animal War Training | 1 | |
| Lumber Harvesting | 2 | |
| Backpack | 1 | |
| Long Rifles | 1 | |
| Sorceress Training | 2 | |
| Magic Sentry | 1 | |
| Plating | 3 | |
| Barrage | 1 | |
| Gunpowder | 3 | |
| Flak Cannons | 1 | |
| Flying Machine Bombs | 1 | |
| Fragmentation Shards | 1 | |
| Flare | 1 | |
| Spirit Walker Training | 1 | |
| Ensnare | 1 | |
| Spiked Barricades | 1 | |
| Melee Weapons | 1 | |
36 total
» buildings
| Altar of Kings | 2 | |
| Barracks | 1 | |
| Farm | 12 | |
| Lumber Mill | 1 | |
| Town Hall | 2 | |
| Arcane Vault | 2 | |
| Scout Tower | 52 | |
| Arcane Tower | 2 | |
| Keep | 2 | |
| Blacksmith | 1 | |
| Castle | 2 | |
| Guard Tower | 48 | |
| Gryphon Aviary | 4 | |
| Arcane Sanctum | 1 | |
| Workshop | 3 | |
| Cannon Tower | 4 | |
| Great Hall | 9 | |
148 total
» build order
00:03 Altar of Kings
00:07 Altar of Kings
00:09 Barracks
00:12 Farm
00:55 Farm
02:02 Farm
02:42 Farm
02:58 Lumber Mill
03:43 Town Hall
04:26 Arcane Vault
04:42 Scout Tower
04:47 Scout Tower
05:17 Arcane Tower
05:18 Arcane Tower
05:50 Keep
06:45 Farm
07:05 Blacksmith
07:10 Farm
07:38 Scout Tower
08:17 Castle
08:24 Guard Tower
08:30 Gryphon Aviary
08:32 Gryphon Aviary
10:02 Town Hall
10:04 Scout Tower
10:06 Scout Tower
10:07 Scout Tower
10:09 Scout Tower
10:13 Scout Tower
10:32 Guard Tower
10:32 Guard Tower
10:33 Guard Tower
10:33 Guard Tower
10:36 Guard Tower
10:36 Guard Tower
10:40 Guard Tower
10:40 Guard Tower
10:44 Guard Tower
11:04 Gryphon Aviary
11:07 Gryphon Aviary
11:42 Scout Tower
11:43 Scout Tower
12:12 Guard Tower
13:08 Farm
13:10 Farm
13:40 Scout Tower
13:41 Scout Tower
13:44 Scout Tower
13:47 Scout Tower
14:15 Guard Tower
14:15 Guard Tower
14:16 Guard Tower
14:16 Guard Tower
15:22 Arcane Sanctum
15:38 Scout Tower
15:39 Scout Tower
15:46 Scout Tower
15:50 Scout Tower
15:51 Scout Tower
16:59 Guard Tower
17:04 Scout Tower
17:07 Scout Tower
17:48 Farm
17:51 Farm
17:56 Scout Tower
17:57 Scout Tower
17:58 Scout Tower
17:59 Scout Tower
18:00 Scout Tower
18:04 Scout Tower
18:06 Scout Tower
19:41 Guard Tower
19:41 Guard Tower
22:58 Guard Tower
22:58 Guard Tower
22:58 Guard Tower
23:00 Scout Tower
23:00 Scout Tower
23:01 Scout Tower
23:02 Scout Tower
23:03 Scout Tower
23:04 Scout Tower
23:08 Scout Tower
23:35 Guard Tower
23:35 Guard Tower
23:35 Guard Tower
23:39 Scout Tower
23:40 Scout Tower
23:41 Scout Tower
23:43 Scout Tower
23:47 Guard Tower
23:47 Guard Tower
23:48 Guard Tower
23:56 Guard Tower
24:27 Guard Tower
24:27 Guard Tower
25:43 Arcane Vault
26:48 Scout Tower
26:49 Scout Tower
26:50 Scout Tower
26:52 Scout Tower
26:54 Scout Tower
26:58 Scout Tower
26:59 Scout Tower
26:59 Scout Tower
27:00 Scout Tower
27:01 Scout Tower
27:18 Workshop
27:18 Workshop
27:20 Workshop
32:31 Guard Tower
35:52 Farm
35:54 Farm
37:25 Scout Tower
37:28 Scout Tower
44:21 Cannon Tower
44:23 Scout Tower
44:26 Cannon Tower
44:27 Cannon Tower
45:03 Cannon Tower
67:25 Great Hall
67:32 Great Hall
67:45 Great Hall
67:49 Great Hall
70:29 Great Hall
70:32 Great Hall
70:37 Great Hall
72:35 Great Hall
72:39 Great Hall
» items
| Lesser Clarity Potion | 2 | |
| Scroll of Regeneration | 20 | |
| Mechanical Critter | 5 | |
| Staff of Teleportation | 1 | |
| Potion of Lesser Invulnerability | 2 | |
| Scroll of Town Portal | 7 | |
| Tome of Retraining | 1 | |
| Potion of Healing | 6 | |
44 total
NoaPainbNocGain (
purple | 89 APM | 1901 actions | 21:19)
4 Archmage
2 Summon Water Elemental
2 Brilliance Aura
2 Mountain King
1 Storm Bolt
1 Thunder Clap
2 Paladin
1 Holy Light
1 Divine Shield
» actions
| Assign group hotkey | 54 | |
| Basic commands | 1 | |
| Build / train | 77 | |
| Enter build submenu | 22 | |
| Enter hero's abilities submenu | 9 | |
| Give item / drop item | 6 | |
| Remove unit from queue | 2 | |
| Right click | 975 | |
| Select / deselect | 377 | |
| Select group hotkey | 308 | |
| Use ability | 70 | |
1901 total
» units
» upgrades
| Gunpowder | 2 | |
| Armor | 2 | |
| Lumber Harvesting | 1 | |
| Masonry | 2 | |
7 total
» buildings
| Altar of Kings | 1 | |
| Farm | 11 | |
| Blacksmith | 1 | |
| Barracks | 1 | |
| Keep | 1 | |
| Arcane Vault | 1 | |
| Scout Tower | 3 | |
| Arcane Tower | 3 | |
| Lumber Mill | 1 | |
| Town Hall | 2 | |
| Castle | 1 | |
26 total
» build order
00:07 Altar of Kings
00:34 Farm
01:03 Blacksmith
01:21 Barracks
01:44 Farm
02:35 Farm
03:04 Keep
03:41 Farm
03:45 Arcane Vault
03:49 Scout Tower
04:23 Arcane Tower
04:44 Farm
06:25 Farm
06:26 Lumber Mill
06:32 Farm
08:43 Town Hall
10:53 Farm
10:55 Farm
10:56 Farm
12:15 Castle
13:02 Farm
13:45 Town Hall
17:23 Scout Tower
17:27 Scout Tower
17:51 Arcane Tower
18:15 Arcane Tower
» items
| Lesser Clarity Potion | 1 | |
| Scroll of Regeneration | 2 | |
| Scroll of Town Portal | 3 | |
| Potion of Lesser Invulnerability | 1 | |
7 total

»
Crixuss[RulooR] (
blue | 41 APM | 883 actions | 21:34)
3 Demon Hunter
2 Evasion
1 Mana Burn
» actions
| Assign group hotkey | 3 | |
| Build / train | 64 | |
| Enter build submenu | 18 | |
| Enter hero's abilities submenu | 3 | |
| Remove unit from queue | 1 | |
| Right click | 432 | |
| Select / deselect | 285 | |
| Select group hotkey | 46 | |
| Use ability | 31 | |
883 total
» units
| Wisp | 21 | |
| Huntress | 5 | |
| Hippogryph | 14 | |
| Chimaera | 7 | |
47 total
» upgrades
| Moon Armor | 1 | |
| Strength of the Moon | 1 | |
| Reinforced Hides | 3 | |
| Strength of the Wild | 2 | |
| Upgrade Moon Glaive | 1 | |
| Corrosive Breath | 1 | |
9 total
» buildings
| Altar of Elders | 1 | |
| Moon Well | 6 | |
| Hunter's Hall | 1 | |
| Ancient of War | 1 | |
| Tree of Ages | 1 | |
| Ancient of Wonders | 1 | |
| Ancient of Wind | 1 | |
| Tree of Eternity | 1 | |
| Tree of Life | 3 | |
| Chimaera Roost | 2 | |
| Ancient of Lore | 1 | |
19 total
» build order
00:07 Altar of Elders
00:18 Moon Well
01:11 Moon Well
01:48 Hunter's Hall
02:03 Moon Well
02:24 Ancient of War
02:58 Moon Well
03:37 Tree of Ages
03:54 Ancient of Wonders
06:00 Ancient of Wind
06:25 Tree of Eternity
07:07 Tree of Life
09:24 Chimaera Roost
09:27 Chimaera Roost
10:58 Moon Well
11:00 Moon Well
13:51 Tree of Life
17:15 Tree of Life
18:17 Ancient of Lore
» items
Hehe_Hoho) (
red | 48 APM | 1918 actions | 39:53)
6 Tauren Chieftain
3 Endurance Aura
3 War Stomp
3 Shadow Hunter
2 Healing Wave
1 Hex
» actions
| Basic commands | 3 | |
| Build / train | 92 | |
| Enter build submenu | 23 | |
| Enter hero's abilities submenu | 9 | |
| Give item / drop item | 1 | |
| Remove unit from queue | 9 | |
| Right click | 1235 | |
| Select / deselect | 439 | |
| Use ability | 107 | |
1918 total
» units
| Peon | 8 | |
| Troll Headhunter/Berserker | 28 | |
| Grunt | 1 | |
| Shaman | 4 | |
| Troll Witch Doctor | 1 | |
| Demolisher | 4 | |
| Troll Batrider | -1 | |
45 total
» upgrades
| Ranged Weapons | 3 | |
| Armor | 3 | |
| Shaman Training | 2 | |
| Berserker Upgrade | 1 | |
| Troll Regeneration | 1 | |
| Witch Doctor Training | 2 | |
| Burning Oil | 1 | |
| Liquid Fire | 1 | |
14 total
» buildings
| Orc Burrow | 11 | |
| Altar of Storms | 2 | |
| Barracks | 3 | |
| War Mill | 1 | |
| Voodoo Lounge | 1 | |
| Stronghold | 1 | |
| Fortress | 1 | |
| Spirit Lodge | 1 | |
| Great Hall | 2 | |
| Beastiary | 2 | |
25 total
» build order
00:08 Orc Burrow
00:11 Altar of Storms
00:19 Altar of Storms
00:39 Barracks
01:14 War Mill
02:05 Orc Burrow
03:06 Orc Burrow
04:49 Voodoo Lounge
05:10 Stronghold
05:22 Orc Burrow
06:18 Orc Burrow
07:36 Fortress
07:50 Spirit Lodge
14:20 Barracks
14:28 Barracks
14:31 Orc Burrow
14:31 Orc Burrow
26:19 Great Hall
26:47 Great Hall
31:06 Beastiary
31:07 Beastiary
36:21 Orc Burrow
36:22 Orc Burrow
36:26 Orc Burrow
39:31 Orc Burrow
» items
| Healing Salve | 4 | |
| Scroll of Speed | 1 | |
| Circlet of Nobility | 1 | |
| Scroll of Town Portal | 3 | |
9 total
Chat log
(00:15 / Allies) Or.GER.Gas.Mus: hi
(00:24 / Allies) daungontai: hi units?
(00:33 / Allies) Or.GER.Gas.Mus: gonna mass hh later shasm
(00:41 / All) Schutzstaffel: SUP
(00:44 / All) Schutzstaffel: HOW IS EVERYONE TODAY
(00:47 / All) Schutzstaffel: THE PROTECTRON SQUAD IS HERE
(00:53 / All) Schutzstaffel: TO CLEAN UP THE INTERNATIONAL JEWRY
(00:58 / All) Or.GER.Gas.Mus: SEHR GUT
(00:59 / All) Or.GER.Gas.Mus: !!
(01:05 / All) Or.GER.Gas.Mus: wurd aber auch mal zeit
(01:06 / All) Schutzstaffel: DIE FAHNE HOCH!
(01:19 / All) NoaPainbNocGain: HIMMLER ZU BEFEHL!
(01:20 / All) Or.GER.Gas.Mus: die fahne fürs vaterland!
(01:49 / All) Schutzstaffel: SA marschiert mit ruhig, festem Schritt.
(02:02 / All) Or.GER.Gas.Mus: es rasseln die ketten , es brummt der motor
(02:06 / All) Or.GER.Gas.Mus: deutsche panzer fahren in polen vor
(02:12 / All) Schutzstaffel: Kam'raden, die Rotfront und Reaktion erschossen,
(02:16 / All) Schutzstaffel: Marschier'n im Geist in unser'n Reihen mit.
(02:28 / All) NoaPainbNocGain: n1
(02:33 / All) Schutzstaffel: Es schau'n aufs Hakenkreuz voll Hoffnung schon Millionen.
(02:37 / All) Schutzstaffel:
(04:02 / All) Schutzstaffel: lvl 1 bm harass on this map?
(04:03 / All) Schutzstaffel: really?
(07:35 / All) Or.GER.Gas.Mus: spy elsewhere
(08:53 / Allies) GodBlessAmerica: moron
(09:19 / All) Or.GER.Gas.Mus: i just had sex kk
(10:50 / Allies) daungontai: wood
(13:28 / All) Or.GER.Gas.Mus: rassenschande^^
(17:34 / Allies) GodBlessAmerica: wood?
(19:03 / Allies) daungontai: yellow come with me
(21:34 / All) Schutzstaffel: give me mass tp so we can play hide and seek ^_^
(21:59 / Allies) GodBlessAmerica: wood?
(22:18 / All) Schutzstaffel: I got mass tp. gg leave
(23:11 / All) Zappelphillip: DONT TOUCH MY FARM
(23:17 / All) Hehe_Hoho): ^^
(23:21 / Allies) GodBlessAmerica: wood brothers
(25:50 / Allies) GodBlessAmerica: gold?
(25:59 / All) Or.GER.Gas.Mus: <-
(26:06 / Allies) Or.GER.Gas.Mus: <-
(26:07 / Allies) Or.GER.Gas.Mus: ^^
(27:25 / Allies) GodBlessAmerica: nice one yellow you fucking prick!
(27:26 / Allies) Or.GER.Gas.Mus: only 1 peon?
(27:26 / Allies) GodBlessAmerica: MOTHERFUCKER
(27:53 / Allies) GodBlessAmerica: ASSHOLE PIECE OF SHIT
(28:00 / Allies) GodBlessAmerica: HOW YOU LIKE ME NOW ASSHOLE YELLOW?
(28:06 / All) GodBlessAmerica: yellow is a prick
(28:07 / All) Schutzstaffel: are you all enjoying hide and seek as much as I am?
(28:18 / All) GodBlessAmerica: fuck off
(28:27 / All) GodBlessAmerica: once yellow is taken carea of you're next prick
(28:37 / All) GodBlessAmerica: or you can fucking leave
(29:53 / Allies) Or.GER.Gas.Mus: gay teamkiller jew
(30:01 / All) Or.GER.Gas.Mus: we have a jew in our team
(30:05 / All) GodBlessAmerica: ^
(30:06 / All) Schutzstaffel: Yellow, pink, orange, are you all enjoying hide and seek?
(30:08 / All) Or.GER.Gas.Mus: WO IST DIE SCHUTZSTAFFEL
(30:28 / All) Schutzstaffel: Die Knechtschaft dauert nur noch kurze Zeit!
(30:35 / All) Or.GER.Gas.Mus: soviele verfickte juden
(30:37 / All) Or.GER.Gas.Mus: die müssen weg
(30:48 / All) Zappelphillip: AUSRADIEREN ALLE
(30:49 / All) Schutzstaffel:
(31:00 / All) Or.GER.Gas.Mus: hat mal wer nen portables KZ?
(31:05 / All) Schutzstaffel: Zum Kampfe steh'n wir alle schon bereit!
(31:07 / All) Or.GER.Gas.Mus: hab nit genug wood für nen neues ausschiwtz
(31:32 / All) Or.GER.Gas.Mus: kk reicht danke
(31:32 / All) Zappelphillip: BAU ES NUN
(31:42 / All) Or.GER.Gas.Mus: scheiße! meine base ist weg, jetzt gibts doch kein KZ =(
(32:01 / All) Or.GER.Gas.Mus: probier du mal
(32:02 / All) Schutzstaffel: Zum letzten Mal wird Sturmalarm geblasen!
(32:15 / All) Schutzstaffel: DIE FAHNE HOCH
(32:21 / All) Schutzstaffel: Die Reihen fest geschlossen!
(32:41 / All) Or.GER.Gas.Mus: halts maul mit den parolen und geh jetzt die juden ficken^^
(33:38 / All) Schutzstaffel: Zum letzten Mal wird Sturmalarm geblasen!
(33:46 / All) Schutzstaffel: Zum Kampfe steh'n wir alle schon bereit!
(35:43 / All) Schutzstaffel: FUCK
(35:44 / All) Schutzstaffel: OUT
(38:22 / All) Schutzstaffel:
(38:28 / All) Schutzstaffel: Die Knechtschaft dauert nur noch kurze Zeit!
(38:36 / All) Schutzstaffel: Die Fahne hoch! Die Reihen fest geschlossen!
(38:41 / All) Schutzstaffel: SA marschiert mit ruhig-festem Schritt.
(38:47 / All) Schutzstaffel: Kameraden, die Rotfront und Reaktion erschossen,
(38:51 / All) Schutzstaffel: Marschieren im Geist in unseren Reihen mit.
(38:58 / All) Schutzstaffel: Es schau'n aufs Hakenkreuz voll Hoffnung schon Millionen.
(39:03 / All) Schutzstaffel:
(40:00 / All) Schutzstaffel: red gave me his resources before he left
(40:02 / All) Schutzstaffel: I like his style
(40:05 / All) Schutzstaffel: More people should do that
(40:35 / All) Or.GER.Gas.Mus: godblessamerika is a jew which like to suck black cocks
(40:41 / All) Or.GER.Gas.Mus: ich denke wir sollten ihn vergasen
(40:59 / All) Schutzstaffel: Sie saugen. verlassen
(40:59 / Allies) GodBlessAmerica: smart :)
(41:12 / All) Or.GER.Gas.Mus: rassenschande :D
(41:21 / All) Schutzstaffel:
(41:29 / All) Or.GER.Gas.Mus: ey schutzstaffelmongo, hast du eigentlich n chatbot an?^^
(41:38 / All) Schutzstaffel: schutzstaffel #1
(41:42 / All) Schutzstaffel: 1v4 ez
(42:09 / All) Schutzstaffel: herauskommen
(42:55 / All) Schutzstaffel: komplette abfall
(43:07 / All) GodBlessAmerica: want some more orange?
(43:12 / All) Schutzstaffel:
(43:24 / Allies) daungontai: zu befell
(43:42 / All) Schutzstaffel: Apfelsine, sie saugen
(43:42 / Allies) GodBlessAmerica: Ready to die, motherfucker?
(43:53 / All) daungontai: sig hell
(44:06 / All) Schutzstaffel: sieg heil!
(44:14 / All) Schutzstaffel: hitlerfahnen #1
(44:16 / All) Schutzstaffel: mein fuhrer!
(44:55 / All) Schutzstaffel: SIEG HEIL!
(45:26 / All) Schutzstaffel: mein Kamerad, es ist vollbracht
(45:35 / Allies) GodBlessAmerica: your last moments on this Earth, orange
(45:37 / Allies) GodBlessAmerica: Cherish them
(45:43 / All) Schutzstaffel: erfolgreiche stich
(45:53 / Allies) GodBlessAmerica: I'm not afraid of your towers
(46:20 / All) Schutzstaffel:
(46:58 / All) GodBlessAmerica: Feel free to start killing our bases
(47:01 / All) GodBlessAmerica: Orange needs a loss
(47:02 / All) Schutzstaffel: Ich bin nicht wirklich deutsch. Ich spreche kein Deutsch.
(47:08 / All) GodBlessAmerica: can always use another
(47:16 / Allies) daungontai: ich lieber dich
(47:27 / All) daungontai: ich lieber dich
(47:39 / All) daungontai: du me may do khon nan
(47:50 / All) daungontai: do cho chet tao danh may chet
(47:51 / All) Schutzstaffel: Sie verlieren. keine Fragen
(47:57 / All) daungontai: deo me may
(48:03 / All) daungontai: to du me may
(48:22 / All) Schutzstaffel: ez
(48:32 / All) Schutzstaffel: Want me to pause the game so you can leave?
(48:33 / All) daungontai: go to the ass of ur mum with my dick?
(48:39 / All) GodBlessAmerica: Let's get down to business
(48:40 / All) daungontai: ur mum deuc
(48:51 / All) daungontai: ur mum ger
(49:12 / All) daungontai: ur mum gr female has bigs lolos?
(49:39 / All) daungontai: i love big tits of gr female
(49:41 / All) Schutzstaffel: I'm Austrain. It's what Germany should be
(49:45 / All) Schutzstaffel: *Austrian
(49:55 / All) Schutzstaffel: Deutschland died with Hitler. He was its soul.
(50:09 / All) daungontai: it is the same austrian is gr
(50:20 / All) Schutzstaffel: austrian is what german should be. mein kampf
(52:52 / All) GodBlessAmerica: I thought they'd be tougher
(52:59 / All) GodBlessAmerica: but I was able to kill them one by one
(53:07 / All) GodBlessAmerica: with very little resistance
(53:11 / All) Schutzstaffel: They went down faster than North Korean airplanes in the Korean war
(53:23 / All) Schutzstaffel: Their copters were shit
(53:23 / All) GodBlessAmerica: dragon splash is dangerous for melee heroes
(53:29 / All) daungontai: u lose the war austrian of my ass
(53:38 / All) Schutzstaffel: Oh?
(53:41 / All) daungontai: mein kampf==< my ass
(53:50 / All) Schutzstaffel: My struggle==< my ass
(53:54 / All) Schutzstaffel: That doesn't make any sense
(54:08 / All) GodBlessAmerica: He gets raped a lot in prison I guess
(54:10 / All) GodBlessAmerica: that's his struggle
(54:12 / All) daungontai: russian iare better
(54:14 / All) GodBlessAmerica: they let him have internet access
(54:28 / All) Schutzstaffel: Are you Russian?
(54:32 / All) GodBlessAmerica: or maybe he sells his body on the street
(54:44 / All) GodBlessAmerica: are you a catamite, Mr. Yuri?
(54:49 / All) daungontai: russian are better than austrian
(54:53 / All) Schutzstaffel: Are you a fucking catamite and pathice?
(54:55 / All) Schutzstaffel: Are you a Russian?
(55:07 / All) daungontai: austrien =< fucked ass
(55:26 / All) Schutzstaffel: Good thing that Austrian doesn'
(55:29 / All) Schutzstaffel: t mean austrien
(55:36 / All) Schutzstaffel: pedicabo tu stupidus
(55:45 / All) Schutzstaffel: citeria
(55:58 / All) daungontai: austrian kiss the ass of ger
(56:10 / All) GodBlessAmerica: Orange you sell your ass on the streets
(56:16 / All) daungontai: and the ass of anybody
(56:17 / All) GodBlessAmerica: Your throbbing, gaping anus is your struggle
(56:33 / All) Schutzstaffel: Do you like to take it, orange?
(56:42 / All) GodBlessAmerica: How much does it cost to abuse you for a night, sweetie?
(56:46 / All) daungontai: austrian is a small and old country
(56:58 / All) Schutzstaffel: What's your price?
(57:01 / All) Schutzstaffel: Talk to us, honey
(57:11 / All) daungontai: with a few stupid men like u
(57:16 / All) Schutzstaffel: Pedicabo ego vos et irrumabo.
(57:31 / All) Schutzstaffel: PEDICABO EGO VOS ET IRRUMABO!
(57:38 / All) Schutzstaffel: If you name a price, anyway
(58:04 / All) Schutzstaffel: Got to get the most out of my dulcissima nummus
(58:04 / All) GodBlessAmerica: Why'd you clam up? EmbarrasseD?
(58:10 / All) daungontai: u kiss the ass of asian for life
(58:14 / All) GodBlessAmerica: You don't have to be ashamed, hun
(58:19 / All) Schutzstaffel: WHOA BUDDY, I never brought asians into this
(58:24 / All) Schutzstaffel: It's between you and I, baby
(58:30 / All) daungontai: u kiss their ass for life
(58:33 / All) GodBlessAmerica: Are you a ladyboy?
(59:05 / All) daungontai: right?
(59:07 / All) Schutzstaffel: He is the definition of a pathice et cinaede if he is a ladyboy
(59:11 / All) Schutzstaffel: cinaede means catamite means third gender
(59:22 / All) Schutzstaffel: pathice is pussy, which is him
(59:22 / All) daungontai: u kiss the asian ass for life right?
(59:33 / Allies) GodBlessAmerica: Look at your building slowly dying
(59:41 / All) Schutzstaffel: sunt molliculi ac parum
(59:48 / Allies) GodBlessAmerica: How do you feel? Knowing that you absolutely suck at this game and can't do anything?
(59:56 / Allies) GodBlessAmerica: You can't stop a juggernaut like me, can you?
(59:58 / All) daungontai: i dont know wat u talk idiot
(60:07 / Allies) GodBlessAmerica: When that dies, you do as well
(60:10 / All) Schutzstaffel: It's LINGUA LATINA you fucking barbarian
(60:11 / All) daungontai: i know u kiss the asian ass for life
(60:12 / Allies) GodBlessAmerica: You'll get a loss
(60:16 / Allies) GodBlessAmerica: How mad are you?
(60:32 / All) Schutzstaffel: You will always be barbarian, and not part of the Senatus PopulusQue Romanus with green and I.
(60:43 / All) Schutzstaffel: You will never become part of the Consul
(60:50 / All) Schutzstaffel: You will not rise from the lowest of the dung
(60:57 / All) daungontai: u have a dream?
(61:05 / All) daungontai: u kiss my ass
(61:37 / Allies) GodBlessAmerica: How mad you are?
(61:42 / All) daungontai: wat latina do this time moron?
(61:44 / All) Schutzstaffel: Do you like to have your ass kissed?
(61:54 / All) Schutzstaffel: Lingua Latina means Latin, fool, not fucking Mexican
(62:00 / All) daungontai: yes kiss my ass
(62:01 / All) Schutzstaffel: LATIN, the tongue of ROME
(62:18 / Allies) GodBlessAmerica: You can't win, how mad you are?
(62:22 / All) Schutzstaffel: fucking pauperem can't recognise Latin
(62:24 / All) daungontai: rome with the papa?
(62:36 / All) Schutzstaffel: ROME.
(62:43 / Allies) GodBlessAmerica: You can't win, how mad you are?
(62:44 / All) daungontai: u like to kiss the papan ass?
(63:05 / All) Schutzstaffel: ROME. IMPERIUM ROMA.
(63:36 / All) daungontai: pekin is the future idiot
(63:43 / All) daungontai: not rome
(63:47 / All) Schutzstaffel: TU, BARBARIAN, SIC. IMPERIUM ROMANUS #1
(64:04 / All) daungontai: it is u the barbarian
(64:37 / All) Schutzstaffel: lol
(64:38 / All) GodBlessAmerica: Why is it that dragons can't devour air?
(64:41 / All) Schutzstaffel: tu stercore
(65:06 / All) daungontai: chinese civilisation exist wen u eat with ur hands
(65:24 / Allies) GodBlessAmerica: How does this make you feel orange? You were destroyed by me, the great Turncoat?
(65:27 / All) Schutzstaffel: No, really? The Chinese civilisation is older than me?!?!??!?!?!?!?!
(65:50 / All) Schutzstaffel: Chink's haven't got anything on Rome
(66:09 / All) Schutzstaffel: Victrix causa deis placuit sed victa China.
(66:32 / All) daungontai: dominus domine dominum
(66:38 / All) Schutzstaffel: Oh?
(67:07 / All) Schutzstaffel: Est non deus, pleb
(67:11 / All) Schutzstaffel: gtfo
(67:30 / All) daungontai: it is better for u to lear chinese
(67:45 / All) daungontai: wat latina can do for u?
(68:05 / All) Schutzstaffel: I can read the work of Caesar, Plato, and friends, in their original text
(68:10 / All) Schutzstaffel: Are you a Chinaman?
(68:11 / All) daungontai: latina help u to play wcft3 with no money poor barbarian?
(68:32 / All) daungontai: yes
(68:43 / All) Schutzstaffel: How small is your cock?
(68:53 / All) daungontai: and chinese is the best all of the time
(69:21 / All) daungontai: right?
(69:25 / All) Schutzstaffel: Did you live to see your brothers get killed in Tianamen Square?
(69:32 / All) Schutzstaffel: Do you like living in one of the most oppressive governments?
(69:37 / All) Schutzstaffel: and having everything monitored en masse?
(69:55 / All) Schutzstaffel: Do you like living in the largest world population in only the third largest country?
(70:23 / All) Schutzstaffel: You there, buddy?
(70:57 / All) Schutzstaffel: You there, Chinaman?
(71:08 / All) Schutzstaffel: or is the government at your door me for saying all of that?
(71:08 / All) daungontai: tell me wat the occidental can do vs chinese economic?
(71:13 / All) daungontai: nothing
(71:37 / All) Schutzstaffel: You realise that a stronger Chinese economy just means more ways for them to oppress your kind, right?
(71:47 / All) Schutzstaffel: Are you looking forward to building the new Great Wall?
(71:57 / All) Schutzstaffel: The Great Environmental Wall of China, bordering the Gobi Desert.
(72:12 / All) Schutzstaffel: Your blood will glue it together.
(74:54 / Allies) GodBlessAmerica: Orange
(75:06 / Allies) GodBlessAmerica: How do you feel knowing that you will lose?
(75:13 / All) daungontai: yes my dear idiot?
(75:23 / Allies) GodBlessAmerica: Do I own you?
(75:43 / Allies) GodBlessAmerica: I own you, your fate in this game is in my hands
(75:49 / All) daungontai: can u kiss my ass?
(76:01 / Allies) GodBlessAmerica: My gold is slowly trickling away
(76:10 / Allies) GodBlessAmerica: when it goes, your last building will be destroyed
(76:10 / All) daungontai: or u prefer suck my dick?
(76:12 / Allies) GodBlessAmerica: and you will lose
(76:24 / All) Schutzstaffel: I couldn't suck it if I wanted to, Chinese micropenis and all.
(76:26 / All) GodBlessAmerica: Who would want to suck a 3 inch cock anyway?
(76:54 / Allies) GodBlessAmerica: I have a bigger dick than you, a bigger brain and I'm better at your favorite games
(77:02 / All) Schutzstaffel: 3" is generous.
(77:06 / All) Schutzstaffel: Micropenis is like 1"
(77:13 / All) Schutzstaffel: Chinese is probably less
(77:15 / Allies) GodBlessAmerica: And you look like a beady eyed rat, you chink mutant
(77:31 / All) daungontai: i have a smallest dick can u suck it?
(77:33 / Allies) GodBlessAmerica: I am your master
(77:46 / All) Schutzstaffel: Do you have to sit down to piss with how small it is?
(77:54 / Allies) GodBlessAmerica: Confirm my dominance, maybe I'll let you win this game
(78:01 / All) daungontai: yes u are my master but do u like to suck my small dick?
(78:18 / Allies) GodBlessAmerica: YOu wish I was a faggot
(78:20 / All) Schutzstaffel: How can you suck a Chinese dick if it's basically just a vagina poking out due to how small it is?
(78:49 / All) daungontai: suce ma petite pine
(78:54 / Allies) GodBlessAmerica: Do you want to win, or do you want to lose?
(78:55 / All) daungontai: suce moi
(79:14 / All) Schutzstaffel: i see
(79:17 / All) daungontai: veux tu me sucer?
(79:30 / All) daungontai: ou je nique ta mere?
(79:35 / Allies) GodBlessAmerica: Do you want to win, chink?
(79:38 / All) daungontai: it is french
(79:49 / All) daungontai: and i am french idiot
(80:11 / All) Schutzstaffel: oh, you went from a chinaman to french? what a coincidence, as it happened when we discussed how small chinaman dicks are
(80:29 / All) daungontai: and french make love better the fucking austrian
(80:30 / Allies) GodBlessAmerica: Do you want to win, chink?
(80:48 / All) daungontai: then suck my big frech dick
(80:49 / All) Schutzstaffel: They have to keep their mouth shut due to their horrible accent, though
(80:53 / All) Schutzstaffel: frech?
(80:57 / All) Schutzstaffel: i thought you were french
(81:00 / All) Schutzstaffel: make up your mind, chink
(81:16 / Allies) GodBlessAmerica: Hey chink, look at your building dying!
(81:24 / Allies) GodBlessAmerica: Do you want me to stop that? Do you want to win, chink?
(81:25 / All) daungontai: tu parles francais pauvre merdeux?
(81:39 / All) Schutzstaffel: francois deficere
(81:49 / All) daungontai: parles francais pauvre type
(82:04 / Allies) GodBlessAmerica: Give an answer in 10 seconds or you will lose
(82:09 / Allies) GodBlessAmerica: Do you want to win, chink?
(82:15 / All) Schutzstaffel: pedicabo tu cinaede et pathice
(82:19 / Allies) GodBlessAmerica: 7
(82:20 / Allies) GodBlessAmerica: 6
(82:22 / Allies) GodBlessAmerica: 5
(82:23 / Allies) GodBlessAmerica: 4
(82:24 / Allies) GodBlessAmerica: 3
(82:25 / Allies) GodBlessAmerica: 2
(82:26 / Allies) GodBlessAmerica: 1
(82:36 / Allies) GodBlessAmerica: You. Lose. Goodbye, chink.
(82:45 / All) daungontai: non je veux baiser ta mer=> translation=> no i want to fuck ur mum
(83:08 / All) GodBlessAmerica: Chink boy loses
(83:29 / All) Schutzstaffel: any last words, chink and wannabe frenchie?
(83:39 / All) daungontai: u know french make love better austrian, ger ...
(83:43 / All) Schutzstaffel: o tempora o mores
(83:53 / Allies) GodBlessAmerica: one more hit and you lose chink
(84:14 / All) daungontai: tu peux citer tous tes phrase en latin j'en ai rien a foutre
(84:16 / All) Schutzstaffel: miser, miser...